 Dungeon Crawl Stone Soup version 0.27-a0-808-g60bc5d92e6 (webtiles) character file.

Game seed: 11359379797649513915

88 sleeves the Sneak (level 4, -1/37 HPs)
             Began as a Demigod Delver on Mar 28, 2021.
             Slain by a gnoll
             ... wielding a +0 flail
              (12 damage)
             ... on level 2 of the Dungeon.
             The game lasted 00:06:30 (3412 turns).

sleeves the Sneak (Demigod Delver)                  Turns: 3412, Time: 00:06:30

Health: -1/37      AC:  3    Str: 17    XL:     4   Next: 9%
Magic:  6/6        EV: 12    Int: 12    God:
Gold:   92         SH:  0    Dex: 15    Spells: 3/3 levels left

rFire    . . .     SeeInvis .   a - +0 falchion
rCold    . . .     Faith    .   (no shield)
rNeg     . . .     Spirit   .   b - +0 leather armour
rPois    .         Reflect  .   (no helmet)
rElec    .         Harm     .   (no cloak)
rCorr    .         Rampage  .   (no gloves)
Will     +....                  (no boots)
Stlth    +++.......             (no amulet)
HPRegen  0.12/turn              m - ring of willpower
MPRegen  0.10/turn              (no ring)

@: no status effects
A: high mp 1, forlorn
a: no special abilities


You were on level 2 of the Dungeon.
You visited 1 branch of the dungeon, and saw 5 of its levels.

You collected 92 gold pieces.

Inventory:

Hand Weapons
 a - a +0 falchion (weapon)
Missiles
 k - a throwing net (quivered)
 l - 8 atropa-tipped darts
Armour
 b - a +0 leather armour (worn)
 u - a +1 hat
   (You found it on level 3 of the Dungeon)
Jewellery
 m - a ring of willpower (left hand)
   (You found it on level 3 of the Dungeon)
Wands
 g - a wand of digging (3)
Scrolls
 c - a scroll of fog
 d - a scroll of magic mapping
 e - a scroll of fear
 i - 2 scrolls of teleportation {unknown}
 j - 5 scrolls of identify {unknown}
 r - a scroll of amnesia {unknown}
 t - a scroll of noise {unknown}
Potions
 f - a potion of haste
 h - a potion of brilliance {unknown}
 n - a potion of cancellation {unknown}
 o - 2 potions of curing {unknown}
 p - a potion of might {unknown}
 q - a potion of ambrosia {unknown}
 s - a potion of berserk rage {unknown}


   Skills:
 - Level 2.6 Fighting
 + Level 4.2 Long Blades
 - Level 1.7 Dodging
 - Level 4.5 Stealth


You had 3 spell levels left.
You didn't know any spells.
Your spell library was empty.

Dungeon Overview and Level Annotations

Branches:
Dungeon (5/15)
 Temple: D:4-7

Annotations:
D:2 exclusions: adder and scorpion


Innate Abilities, Weirdness & Mutations

Your attributes grow dramatically as you level up.
You have an increased reservoir of magic. (+10% MP)
You shall have no god before yourself.


Message History

A kobold is nearby!
A kobold is nearby!
A kobold is nearby!
A kobold is nearby!
A kobold is nearby!
A kobold is nearby!
You hit the kobold.
You kill the kobold!
Your Long Blades skill increases to level 2!
Things that are here:
a +0 whip; a kobold corpse A frilled lizard comes into view.
A frilled lizard is nearby!
The frilled lizard hisses angrily.
The frilled lizard bites you but does no damage.
Things that are here:
a +0 whip; a kobold corpse You barely miss the frilled lizard.
The frilled lizard misses you.
You hit the frilled lizard.
You kill the frilled lizard!
Things that are here:
a +0 whip; a kobold corpse An orc comes into view.
It is wielding a +0 hand axe.
An orc is nearby!
An orc is nearby!
Things that are here:
a +0 whip; a kobold corpse
Found a silver ring.
An endoplasm comes into view.
The endoplasm quivers.
The endoplasm falls through a shaft!
The shaft crumbles and collapses.
Found 14 gold pieces.
m - a ring of willpower
m - a ring of willpower (left hand)
Found 13 stones.
A kobold comes into view. It is wielding a +0 dagger.
A giant cockroach comes into view.
An orc comes into view. It is wielding a +0 war axe.
The giant cockroach bites you but does no damage.
The giant cockroach bites you but does no damage.
You hit the giant cockroach.
The giant cockroach is heavily wounded.
The giant cockroach completely misses you.
You hit the giant cockroach but do no damage.
The giant cockroach is heavily wounded.
The giant cockroach bites you but does no damage.
The giant cockroach barely misses you.
You riposte.
You barely miss the giant cockroach.
The giant cockroach is heavily wounded.
You hit the giant cockroach but do no damage.
The giant cockroach is heavily wounded.
The giant cockroach bites you.
You hit the giant cockroach but do no damage.
The giant cockroach is heavily wounded.
The giant cockroach bites you but does no damage.
The giant cockroach completely misses you.
You hit the giant cockroach.
The giant cockroach is almost dead.
The giant cockroach closely misses you.
You hit the giant cockroach but do no damage.
The giant cockroach is almost dead.
The giant cockroach bites you but does no damage.
The giant cockroach closely misses you.
You barely miss the giant cockroach.
The giant cockroach is almost dead.
The giant cockroach bites you.
You hit the giant cockroach.
You kill the giant cockroach!
HP restored.
Found 9 gold pieces.
A bat comes into view.
A bat is nearby!
The bat hits you but does no damage.
You barely miss the bat. The bat barely misses you.
You riposte.
You closely miss the bat. The bat hits you. x2
You hit the bat.
You kill the bat!
You see here a bat corpse.
A goblin comes into view. It is wielding a +0 club.
The goblin shouts!
Found a stone staircase leading down.
You see here 9 gold pieces.
You now have 9 gold pieces.
You closely miss the goblin. The goblin barely misses you.
You hit the goblin.
The goblin is heavily wounded.
The goblin barely misses you.
You riposte.
You closely miss the goblin.
The goblin is heavily wounded.
The goblin hits you with a +0 club.
You miss the goblin.
The goblin is heavily wounded.
The goblin hits you with a +0 club.
You slash the goblin!
You kill the goblin!
Found a stone staircase leading down.
You now have 23 gold pieces (gained 14).
You start resting.
An orc comes into view. It is wielding a +0 short sword.
You see here a bat corpse.
A goblin comes into view. It is wielding a +0 dagger.
You see here a bat corpse.
You hit the goblin.
The goblin is heavily wounded.
The goblin misses you. The goblin barely misses you.
You riposte.
You barely miss the goblin.
The goblin is heavily wounded.
You barely miss the goblin.
The goblin is heavily wounded.
The goblin closely misses you.
You miss the goblin.
The goblin is heavily wounded.
The goblin misses you.
You hit the goblin.
You kill the goblin!
A jackal comes into view.
A jackal is nearby!
The jackal bites you but does no damage.
You hit the jackal.
The jackal is almost dead.
The jackal bites you but does no damage.
The jackal barely misses you.
You riposte.
You closely miss the jackal.
The jackal is almost dead.
You barely miss the jackal.
The jackal is almost dead.
The jackal barely misses you.
You riposte.
You hit the jackal.
You kill the jackal! 2 jackals come into view.
Found a scroll labelled BIJIVI MENUSSO.
You see here a jackal corpse.
You hit the jackal but do no damage. The jackal barely misses you.
The jackal bites you but does no damage.
You hit the jackal but do no damage. The jackal closely misses you.
You closely miss the jackal.
The jackal bites you but does no damage.
The jackal bites you.
You barely miss the jackal. The jackal closely misses you.
You riposte.
You barely miss the jackal.
The jackal bites you but does no damage.
You closely miss the jackal. The jackal closely misses you.
You hit the jackal but do no damage. The jackal bites you.
The jackal closely misses you.
You riposte.
You barely miss the jackal. You closely miss the jackal.
The jackal barely misses you.
The jackal bites you but does no damage.
You hit the jackal.
The jackal is almost dead.
The jackal bites you but does no damage.
You barely miss the jackal.
The jackal is almost dead.
The jackal bites you. The jackal closely misses you.
You hit the jackal.
You kill the jackal!
You have reached level 2!
You start resting.
An endoplasm comes into view.
The endoplasm moves out of view.
You swing at nothing.
You start resting.
HP restored.
Things that are here:
a jackal corpse; a jackal corpse The endoplasm quivers.
You slash the endoplasm!
You kill the endoplasm!
Things that are here:
a jackal corpse; a jackal corpse An endoplasm comes into view.
Things that are here:
a jackal corpse; a jackal corpse The jackal barks!
The jackal closely misses you.
You hit the jackal but do no damage. The jackal bites you.
You hit the jackal.
The jackal is moderately wounded.
The jackal bites you. x2
You hit the jackal.
The jackal is almost dead.
The jackal closely misses you.
You hit the jackal.
You kill the jackal!
You barely miss the endoplasm. The endoplasm hits you.
You hit the endoplasm.
The endoplasm is almost dead.
The endoplasm barely misses you.
You riposte.
You hit the endoplasm.
You kill the endoplasm!
You see here a jackal corpse.
You start resting.
HP restored.
You see here a jackal corpse.
Things that are here:
a jackal corpse; a jackal corpse A worm comes into view.
An endoplasm comes into view.
Found an escape hatch in the ceiling.
The endoplasm quivers.
There is an escape hatch in the ceiling here.
A mysterious force pulls you upwards. The hatch slams shut behind you.
Found a stone staircase leading up.
A rat comes into view.
The rat moves out of view.
A goblin comes into view. It is wielding a +0 club.
A hobgoblin comes into view.
There is a stone staircase leading up here.
The hobgoblin shouts!
You hear a shout!
You climb upwards.
The hobgoblin shouts!
A bat comes into view.
You hear a shout!
Found 6 gold pieces and 19 stones.
Found an escape hatch in the floor.
There is a stone staircase leading down here.
A kobold comes into view. It is wielding a +2 whip of draining.
The kobold shouts!
There is an escape hatch in the floor here.
The kobold misses you.
You riposte.
You hit the kobold but do no damage. You hit the kobold.
The kobold is severely wounded.
The kobold barely misses you.
You closely miss the kobold.
The kobold is severely wounded.
The hobgoblin misses you.
You riposte.
You hit the hobgoblin but do no damage. The kobold hits you but does no damage.
You feel drained.
You hit the kobold.
You kill the kobold!
The hobgoblin misses you.
You riposte.
You hit the hobgoblin.
The hobgoblin is moderately wounded.
You hit the hobgoblin but do no damage.
The hobgoblin is moderately wounded.
The hobgoblin hits you but does no damage.
You completely miss the hobgoblin.
The hobgoblin is moderately wounded.
The hobgoblin barely misses you.
You riposte.
You barely miss the hobgoblin.
The hobgoblin is moderately wounded.
A hobgoblin comes into view.
You hit the hobgoblin.
You kill the hobgoblin!
You hit the hobgoblin.
The hobgoblin is severely wounded.
The hobgoblin hits you.
The hobgoblin hits you but does no damage.
You closely miss the hobgoblin.
The hobgoblin is severely wounded.
The bat misses you.
You riposte.
You closely miss the bat. The hobgoblin hits you.
You hit the hobgoblin.
You kill the hobgoblin!
The bat barely misses you.
You riposte.
You hit the bat but do no damage. The bat closely misses you.
You riposte.
You hit the bat.
The bat is moderately wounded.
Your life force feels restored.
You are too injured to fight recklessly!
You are too injured to fight recklessly!
You are too injured to fight recklessly!
You are too injured to fight recklessly!
You are too injured to fight recklessly!
You hit the bat.
You kill the bat!
HP restored.
You now have 29 gold pieces (gained 6).
Things that are here:
a +2 whip of draining; a kobold corpse You now have 44 gold pieces (gained 15).
A frilled lizard comes into view.
A frilled lizard is nearby!
The frilled lizard hisses angrily.
You miss the frilled lizard. The frilled lizard bites you.
You closely miss the frilled lizard. The frilled lizard bites you.
You closely miss the frilled lizard. The frilled lizard bites you. x2
You closely miss the frilled lizard. The frilled lizard barely misses you.
You closely miss the frilled lizard. The frilled lizard barely misses you.
You hit the frilled lizard.
You kill the frilled lizard!
Your Long Blades skill increases to level 3!
No target in view!
No target in view!
No target in view!
No target in view!
No target in view!
No target in view!
No target in view!
A dart slug comes into view.
A dart slug is nearby!
A dart slug is nearby!
A dart slug is nearby!
A ball python comes into view.
Found a short sword and a glowing red potion.
The helpless ball python fails to defend itself.
You hit the ball python.
You kill the ball python!
The dart slug launches a dart at you. The slug dart misses you.
Found an orange potion.
The dart slug barely misses you.
You riposte.
You hit the dart slug.
The dart slug is severely wounded.
You hit the dart slug.
You kill the dart slug!
No target in view!
No target in view!
n - an orange potion
o - a glowing red potion A dart slug comes into view.
A dart slug is nearby!
You hit the dart slug but do no damage. The dart slug closely misses you.
You hit the dart slug.
The dart slug is heavily wounded.
You hit the dart slug.
The dart slug is almost dead.
The dart slug launches a dart at you. The slug dart hits you.
You barely miss the dart slug.
The dart slug is almost dead.
The dart slug launches a dart at you. The slug dart misses you.
You hit the dart slug.
The dart slug is almost dead.
The dart slug bites you but does no damage.
You hit the dart slug but do no damage.
The dart slug is almost dead.
The dart slug closely misses you.
You hit the dart slug.
You kill the dart slug!
No target in view!
A frilled lizard comes into view.
A frilled lizard is nearby!
A frilled lizard is nearby!
The frilled lizard hisses angrily.
You hit the frilled lizard.
You kill the frilled lizard!
No target in view!
No target in view!
No target in view!
No target in view!
No target in view!
No target in view!
No target in view!
A bat comes into view.
A bat is nearby!
A bat is nearby!
The bat barely misses you.
You miss the bat. The bat barely misses you. The bat closely misses you.
You hit the bat but do no damage. The bat hits you but does no damage.
You hit the bat.
You kill the bat!
No target in view!
No target in view!
A rat comes into view.
A rat is nearby!
A rat is nearby!
A bat comes into view.
A ball python comes into view.
Found a glowing red potion.
The helpless ball python fails to defend itself.
You slash the ball python!
You kill the ball python!
The bat hits you but does no damage. The rat bites you.
You barely miss the bat. The bat barely misses you. x2
The rat bites you but does no damage.
You miss the bat. The bat closely misses you.
You riposte.
You hit the bat.
You kill the bat!
The rat bites you.
You hit the rat.
The rat is heavily wounded.
The rat closely misses you. The rat barely misses you.
You closely miss the rat.
The rat is heavily wounded.
The rat bites you but does no damage.
A rat is nearby!
A rat is nearby!
You barely miss the rat.
The rat is heavily wounded.
The rat bites you but does no damage.
You hit the rat.
You kill the rat!
No target in view!
An endoplasm comes into view.
An endoplasm is nearby!
An endoplasm is nearby!
An endoplasm is nearby!
A hobgoblin comes into view.
The hobgoblin shouts!
A rat comes into view.
You closely miss the hobgoblin. The hobgoblin hits you.
You barely miss the hobgoblin.
The endoplasm quivers.
The hobgoblin hits you.
You barely miss the hobgoblin. The hobgoblin misses you.
You hit the endoplasm.
The endoplasm is almost dead.
The hobgoblin barely misses you.
The endoplasm hits you but does no damage.
You hit the endoplasm but do no damage.
The endoplasm is almost dead.
The hobgoblin closely misses you. The endoplasm closely misses you.
The hobgoblin barely misses you.
You riposte.
You hit the hobgoblin.
The hobgoblin is heavily wounded.
The endoplasm freezes you.
You are frozen.
You see here a ball python corpse.
The rat misses you.
You hit the rat but do no damage. The rat closely misses you.
The rat bites you but does no damage.
You hit the rat.
You kill the rat!
You hit the endoplasm.
You kill the endoplasm!
You have reached level 3!
Your experience leads to a dramatic increase in your attributes!
Increase (S)trength, (I)ntelligence, or (D)exterity?
You feel stronger. x4
You barely miss the hobgoblin.
The hobgoblin is heavily wounded.
The hobgoblin hits you.
You hit the hobgoblin but do no damage.
The hobgoblin is heavily wounded.
The hobgoblin hits you but does no damage.
You hit the hobgoblin.
The hobgoblin is severely wounded.
The hobgoblin hits you but does no damage.
You hit the hobgoblin but do no damage.
The hobgoblin is severely wounded.
The hobgoblin hits you.
You hit the hobgoblin.
You kill the hobgoblin!
You start resting.
HP restored.
o - 2 glowing red potions (gained 1)
Found a stone staircase leading down.
j - 2 scrolls labelled BIJIVI MENUSSO (gained 1)
Found a quarterstaff.
Found a staircase leading out of the dungeon.
There is a staircase leading out of the dungeon here.
You now have 54 gold pieces (gained 10).
There is a stone staircase leading down here.
p - a glowing orange potion
q - a dark potion An endoplasm comes into view.
An endoplasm is nearby!
An endoplasm is nearby!
Found 15 gold pieces.
The helpless endoplasm fails to defend itself.
You hit the endoplasm.
The endoplasm is almost dead.
The endoplasm barely misses you.
You hit the endoplasm.
You kill the endoplasm!
No target in view!
Found a mace.
Found an iron altar of Okawaru.
You now have 69 gold pieces (gained 15).
Found a spear and a hand axe.
Found a falchion.
Found a stone staircase leading down.
An endoplasm comes into view.
An endoplasm is nearby!
The helpless endoplasm fails to defend itself.
You hit the endoplasm.
You kill the endoplasm!
No target in view!
No target in view!
No target in view!
No target in view!
r - a scroll labelled DASMEJ ACSYTS A rat comes into view.
A rat is nearby!
A rat is nearby!
The helpless rat fails to defend itself.
You hit the rat.
You kill the rat!
No target in view!
No target in view!
No target in view!
No target in view!
No target in view!
No target in view!
A bat comes into view.
A bat is nearby!
A bat is nearby!
A bat is nearby!
A bat is nearby!
No target in view!
No target in view!
No target in view!
No target in view!
No target in view!
No target in view!
No target in view!
No target in view!
No target in view!
A bat is nearby!
The bat closely misses you. The bat hits you.
You hit the bat.
The bat is severely wounded.
The bat closely misses you.
You riposte.
You closely miss the bat.
The bat is severely wounded.
The bat barely misses you.
You hit the bat.
You kill the bat!
No target in view!
No target in view!
No target in view!
No target in view!
No target in view!
Found 18 stones.
You see here 18 stones.
Done exploring.
Done exploring.
Done exploring.
Done exploring.
(D) Dungeon
Where to? (Enter - D:2 @ (x,y), ? - help)
There is a stone staircase leading down here.
You climb downwards.
There is a stone staircase leading up here.
A hobgoblin is nearby!
A hobgoblin is nearby!
A hobgoblin is nearby!
A goblin comes into view. It is wielding a +0 club.
The goblin shouts!
You hit the hobgoblin.
The hobgoblin is severely wounded.
You hear a shout! x2
The hobgoblin hits you.
You hit the hobgoblin but do no damage.
The hobgoblin is severely wounded.
The hobgoblin barely misses you.
You riposte.
You barely miss the hobgoblin.
The hobgoblin is severely wounded.
There is a stone staircase leading up here.
The hobgoblin hits you. The goblin barely misses you.
You climb upwards.
There is a stone staircase leading down here.
You hit the hobgoblin.
You kill the hobgoblin!
The goblin hits you with a +0 club.
You closely miss the goblin. The goblin closely misses you.
You completely miss the goblin. The goblin closely misses you.
You riposte.
You hit the goblin.
You kill the goblin!
No target in view!
There is an escape hatch in the floor, spattered with blood here.
You see here a +0 club.
You start resting.
HP restored.
There is a stone staircase leading down here.
You climb downwards.
A bat comes into view. x2
The bat moves out of view.
There is a stone staircase leading up here.
A bat is nearby!
A bat is nearby!
A bat is nearby!
No target in view!
No target in view!
No target in view!
No target in view!
Found a short sword.
You hit the bat but do no damage. The bat misses you.
You riposte.
You closely miss the bat. The bat closely misses you.
You riposte.
You slash the bat!
You kill the bat!
No target in view!
No target in view!
No target in view!
No target in view!
No target in view!
No target in view!
No target in view!
No target in view!
A hobgoblin is nearby!
A hobgoblin is nearby!
You hit the hobgoblin but do no damage. The hobgoblin closely misses you.
You riposte.
You barely miss the hobgoblin. You hit the hobgoblin but do no damage.
The hobgoblin hits you.
You hit the hobgoblin but do no damage. The hobgoblin hits you.
You closely miss the hobgoblin. The hobgoblin barely misses you.
You riposte.
You closely miss the hobgoblin. The hobgoblin barely misses you.
You hit the hobgoblin but do no damage. The hobgoblin misses you.
You hit the hobgoblin.
The hobgoblin is severely wounded.
The hobgoblin hits you.
You barely miss the hobgoblin.
The hobgoblin is severely wounded.
The hobgoblin hits you!
* * * LOW HITPOINT WARNING * * *
You are too injured to fight recklessly!
You are too injured to fight recklessly!
You are too injured to fight recklessly!
You hit the hobgoblin.
You kill the hobgoblin!
You start resting.
A hobgoblin comes into view.
A hobgoblin is nearby!
Search for what [? for help]? amor Can't find anything matching that.
Unknown command.
You hit the hobgoblin.
The hobgoblin is heavily wounded.
The hobgoblin hits you.
You are too injured to fight recklessly!
You are too injured to fight recklessly!
You are too injured to fight recklessly!
You closely miss the hobgoblin.
The hobgoblin is heavily wounded.
The hobgoblin closely misses you.
You riposte.
You hit the hobgoblin.
The hobgoblin is almost dead.
You hit the hobgoblin but do no damage.
The hobgoblin is almost dead.
The hobgoblin hits you!
* * * LOW HITPOINT WARNING * * *
You closely miss the hobgoblin.
The hobgoblin is almost dead.
The hobgoblin misses you.
You hit the hobgoblin.
You kill the hobgoblin!
You start resting.
HP restored.
Search for what [Enter for "amor", or ? for help]? armor A bat is nearby!
A bat is nearby!
A bat is nearby!
A ball python comes into view.
The bat barely misses you.
The ball python hisses angrily.
You hit the bat.
The bat is severely wounded.
The bat barely misses you. The bat hits you.
You hit the bat.
You kill the bat!
You see here a bat corpse.
The ball python barely misses you. The ball python grabs you.
The ball python constricts you.
You hit the ball python.
You kill the ball python!
No target in view!
No target in view!
You see here a ball python corpse.
Found a stone staircase leading down.
A bat comes into view.
There is a stone staircase leading down here.
A bat is nearby!
A bat is nearby!
No target in view!
No target in view!
No target in view!
No target in view!
An endoplasm comes into view.
Found 24 sling bullets.
The helpless bat fails to defend itself.
You hit the bat.
The bat is moderately wounded.
The bat barely misses you.
You riposte.
You hit the bat but do no damage.
The bat is moderately wounded.
The bat misses you.
You riposte.
You slash the bat!
You kill the bat!
The endoplasm hits you.
You hit the endoplasm.
The endoplasm is moderately wounded.
The endoplasm freezes you.
You are frozen.
You hit the endoplasm.
The endoplasm is almost dead.
The endoplasm freezes you.
You are frozen.
You slash the endoplasm!
You kill the endoplasm!
A goblin is nearby!
You barely miss the goblin. The goblin hits you with a +0 mace.
You barely miss the goblin. The goblin hits you with a +0 mace!
* * * LOW HITPOINT WARNING * * *
You are too injured to fight recklessly!
Press: ? - help, v - describe, . - travel The floor.
You closely miss the goblin. The goblin hits you with a +0 mace.
* * * LOW HITPOINT WARNING * * *
You hit the goblin.
You kill the goblin!
You start resting.
HP restored.
Found a +0 club.
You now have 84 gold pieces (gained 15).
You see here a +0 mace.
You see here 24 sling bullets.
You see here a +0 club.
You see here a +0 mace.
Found an escape hatch in the floor.
There is an escape hatch in the floor here.
A goblin comes into view. It is wielding a +0 dagger.
A goblin is nearby!
A goblin is nearby!
The goblin hits you but does no damage.
You closely miss the goblin. The goblin hits you with a +0 dagger.
You miss the goblin. The goblin hits you with a +0 dagger.
You barely miss the goblin. The goblin hits you with a +0 dagger.
You closely miss the goblin. The goblin hits you with a +0 dagger.
You hit the goblin.
The goblin is moderately wounded.
The goblin hits you with a +0 dagger.
You are too injured to fight recklessly!
You are too injured to fight recklessly!
You are too injured to fight recklessly!
You are too injured to fight recklessly!
You are too injured to fight recklessly!
You are too injured to fight recklessly!
You are too injured to fight recklessly!
You are too injured to fight recklessly!
You are too injured to fight recklessly!
You are too injured to fight recklessly!
You are too injured to fight recklessly!
You are too injured to fight recklessly!
You are too injured to fight recklessly!
You are too injured to fight recklessly!
You are too injured to fight recklessly!
You hit the goblin.
You kill the goblin!
You start resting.
HP restored.
Things that are here:
a +0 dagger; a goblin corpse A scorpion comes into view.
Found a mace.
A scorpion is nearby!
i - 2 scrolls labelled UKKEOS UDOSIB (gained 1)
Found a stone staircase leading up.
Found a stone staircase leading down.
There is a stone staircase leading down here.
There is a stone staircase leading down here.
There is a stone staircase leading up here.
A bat comes into view.
A bat is nearby!
The helpless bat fails to defend itself.
You hit the bat.
You kill the bat!
A rat is nearby!
A rat is nearby!
A rat is nearby!
The rat bites you but does no damage.
You closely miss the rat. The rat bites you.
You completely miss the rat. The rat bites you.
You closely miss the rat. The rat completely misses you.
You closely miss the rat. The rat bites you but does no damage.
A rat is nearby!
You barely miss the rat. The rat bites you but does no damage.
A rat is nearby!
You barely miss the rat.
The rat barely misses you. x2; You riposte.
You closely miss the rat. You closely miss the rat. The rat barely misses you.
You barely miss the rat. The rat bites you but does no damage.
You closely miss the rat. The rat bites you.
You barely miss the rat. The rat bites you.
You barely miss the rat. The rat closely misses you.
You hit the rat.
The rat is moderately wounded.
The rat bites you but does no damage.
You hit the rat but do no damage.
The rat is moderately wounded.
The rat closely misses you.
You closely miss the rat.
The rat is moderately wounded.
The rat barely misses you. The rat bites you.
A rat is nearby!
A rat is nearby!
A rat is nearby!
You barely miss the rat.
The rat is moderately wounded.
The rat bites you but does no damage.
You hit the rat.
You kill the rat!
No target in view!
No target in view!
No target in view!
No target in view!
No target in view!
You see here a rat corpse.
An adder comes into view.
An adder is nearby!
An adder is nearby!
A rat comes into view.
A rat is nearby!
A ball python comes into view.
Found a scroll labelled BIJIVI MENUSSO.
Found a stone staircase leading down.
The helpless rat fails to defend itself.
You hit the rat.
You kill the rat!
You see here a rat corpse.
The ball python hisses angrily.
You slash the ball python!
You kill the ball python!
No target in view!
No target in view!
You see here a rat corpse.
Found a spear.
j - 3 scrolls labelled BIJIVI MENUSSO (gained 1)
An adder comes into view.
The adder moves out of view.
Found 8 gold pieces.
Found a ring mail.
The adder hisses angrily.
Okay, then.
Okay, then.
You hit the adder but do no damage. The adder bites you.
You hit the adder.
The adder is heavily wounded.
The adder barely misses you. The adder misses you.
You riposte.
You slash the adder!
You kill the adder!
You now have 92 gold pieces (gained 8).
Found a robe.
Found a robe.
You see here a +0 robe.
A gnoll comes into view. It is wielding a +0 flail.
You swing at nothing.
A gnoll is nearby!
A gnoll is nearby!
A gnoll is nearby!
There is a stone staircase leading down here.
You climb downwards.
A giant cockroach comes into view.
There is a stone staircase leading up here.
The giant cockroach barely misses you.
You barely miss the giant cockroach. The giant cockroach bites you.
You hit the giant cockroach.
The giant cockroach is severely wounded.
The giant cockroach bites you. The giant cockroach misses you.
You closely miss the giant cockroach.
The giant cockroach is severely wounded.
The giant cockroach barely misses you.
You hit the giant cockroach but do no damage.
The giant cockroach is severely wounded.
The giant cockroach closely misses you.
You riposte.
You hit the giant cockroach.
You kill the giant cockroach!
No target in view!
No target in view!
HP restored.
A worm is nearby!
A worm is nearby!
A worm is nearby!
Found a sedimented silvery potion.
The endoplasm quivers.
You hit the endoplasm.
The endoplasm is moderately wounded.
The endoplasm barely misses you.
You riposte.
You hit the endoplasm.
You kill the endoplasm!
No target in view!
Found 22 arrows.
s - a sedimented silvery potion A worm is nearby!
The worm bites you but does no damage.
You hit the worm.
The worm is moderately wounded.
You hit the worm.
The worm is heavily wounded.
The worm bites you.
You hit the worm.
The worm is severely wounded.
The worm barely misses you.
You slash the worm!
You kill the worm!
Your Long Blades skill increases to level 4!
No target in view!
No target in view!
j - 4 scrolls labelled BIJIVI MENUSSO (gained 1)
Things that are here:
a jackal skeleton; a jackal skeleton You see here a jackal skeleton.
You see here a jackal skeleton.
Things that are here:
a jackal skeleton; a jackal skeleton
Found a scale mail.
Found a stone staircase leading up.
A ball python comes into view.
The orc shouts!
You hear a shout!
You hear an angry hiss.
You closely miss the orc. The orc barely misses you.
You riposte.
You hit the orc but do no damage. You closely miss the orc.
The orc hits you with a +0 short sword.
You hit the orc.
The orc is almost dead.
The orc closely misses you.
You hit the orc.
You kill the orc!
You hit the orc.
The orc is moderately wounded.
The orc barely misses you. The orc hits you with a +0 war axe.
You hit the orc.
You kill the orc!
No target in view!
No target in view!
t - a scroll labelled VUXZER WARCHOD
Things that are here:
a +0 war axe; a +0 short sword A ball python is nearby!
A ball python is nearby!
A ball python is nearby!
Things that are here:
a +0 war axe; a +0 short sword No target in view!
A ball python is nearby!
A ball python is nearby!
Found a mace.
You see here a +0 scale mail.
A ball python is nearby!
Found a hunting sling.
The ball python hisses angrily.
The ball python closely misses you. The ball python barely misses you.
You closely miss the ball python.
The ball python bites you but does no damage.
The ball python grabs you. The ball python constricts you.
You closely miss the ball python. The ball python closely misses you.
You riposte.
You hit the ball python.
You kill the ball python!
No target in view!
You see here a +0 dagger.
An endoplasm comes into view.
An endoplasm is nearby!
An endoplasm is nearby!
Found a burning altar of Makhleb.
The endoplasm quivers.
You hit the endoplasm.
The endoplasm is moderately wounded.
The endoplasm freezes you.
You are frozen.
You hit the endoplasm but do no damage.
The endoplasm is moderately wounded.
The endoplasm misses you.
You hit the endoplasm.
You kill the endoplasm!
No target in view!
No target in view!
j - 5 scrolls labelled BIJIVI MENUSSO (gained 1)
u - a +1 hat An ice beast comes into view.
An ice beast is nearby!
An ice beast is nearby!
There is a burning altar of Makhleb here.
There is an escape hatch in the ceiling here.
A mysterious force pulls you upwards. The hatch slams shut behind you.
Level annotation: exclusions: adder and scorpion A gnoll is nearby!
A gnoll is nearby!
A gnoll is nearby!
A gnoll comes into view. It is wielding a +0 flail.
The gnoll shouts!
A rat comes into view.
A gnoll comes into view. It is wielding a +0 club.
You barely miss the rat. The rat barely misses you.
You hit the rat.
You kill the rat!
The gnoll misses you.
You see here a rat corpse.
You closely miss the gnoll. The gnoll hits you with a +0 flail!
You closely miss the gnoll. The gnoll barely misses you.
You hit the gnoll.
The gnoll is moderately wounded.
The gnoll hits you but does no damage.
You hit the gnoll but do no damage.
The gnoll is moderately wounded.
The gnoll misses you.
You riposte.
You hit the gnoll.
The gnoll is moderately wounded.
You hit the gnoll.
The gnoll is heavily wounded.
The gnoll closely misses you.
There is a stone staircase leading up here.
The gnoll barely misses you.
You climb upwards.
There is a stone staircase leading down, spattered with blood here.
You hit the gnoll.
The gnoll is almost dead.
The gnoll barely misses you.
You hit the gnoll.
You kill the gnoll!
You have reached level 4!
There is an escape hatch in the floor, spattered with blood here.
Things that are here:
a +0 flail; a +0 club; a gnoll corpse You start resting.
HP restored.
Unknown command.
(D) Dungeon
Where to? (Enter - D:3 @ (x,y), ? - help)
There is a stone staircase leading down, spattered with blood here.
You climb downwards.
Level annotation: exclusions: adder and scorpion The gnoll closely misses you.
The gnoll hits you with a +0 flail.
There is a stone staircase leading up here.
You slash the gnoll!
The gnoll is heavily wounded.
The gnoll closely misses you.
You closely miss the gnoll.
The gnoll is heavily wounded.
The gnoll barely misses you.
You barely miss the gnoll.
The gnoll is heavily wounded.
The gnoll hits you with a +0 flail!
You hit the gnoll but do no damage.
The gnoll is heavily wounded.
The gnoll hits you with a +0 flail.
You hit the gnoll but do no damage.
The gnoll is heavily wounded.
The gnoll hits you with a +0 flail!
* * * LOW HITPOINT WARNING * * *
A gnoll comes into view. It is wielding a +0 flail.
There is a stone staircase leading up here.
The gnoll hits you with a +0 flail!
You die...

#............#..†...g...##.[#
#.##.######..#.########.##...
#.##.# #........# ..#.##
#.##.### ##.#.###.# ....#
#.##...## #.#.# #.# g....
#.#.....# #.#.# #.# ...###
#.#.....# #g#.# #.# ..##
#.#.....####<#.# #.# ###
#..........g@#.###.####
#####.######..........# #.#
#.###..###.# ####.# #.# #..#
#.# ###)##.# #.###..# #.#
#......# #......# #.#
##......########..#.# #.#
#.................#.###.#
##....÷.#########....##.######


You could see 2 gnolls.

Vanquished Creatures
  A gnoll (D:1)
  An adder (D:2)
  A worm (D:3)
  2 dart slugs (D:1)
  2 orcs (D:3)
  8 endoplasms
  2 giant cockroaches (D:3)
  5 goblins
  6 hobgoblins
  3 jackals (D:3)
  2 kobolds
  5 ball pythons
  9 bats
  4 frilled lizards
  7 rats
58 creatures vanquished.

Notes
Turn   | Place    | Note
-------+----------+-------------------------------------------
     0 | D:5      | sleeves the Demigod Delver began the quest for the Orb.
     0 | D:5      | Reached XP level 1. HP: 18/18 MP: 3/3
   309 | D:3      | Reached skill level 2 in Long Blades
   544 | D:3      | Reached XP level 2. HP: 20/25 MP: 4/4
   940 | D:1      | Reached skill level 3 in Long Blades
  1146 | D:1      | Reached XP level 3. HP: 23/30 MP: 5/5
  1851 | D:2      | HP: 15/30 [hobgoblin (7)]
  1904 | D:2      | HP: 9/30 [hobgoblin (7)]
  2193 | D:2      | HP: 14/30 [goblin/+0 mace (7)]
  2593 | D:2      | Noticed a scorpion
  3057 | D:3      | Reached skill level 4 in Long Blades
  3244 | D:3      | Noticed an ice beast
  3321 | D:1      | Reached XP level 4. HP: 30/37 MP: 6/6
  3387 | D:2      | HP: 8/37 [gnoll/+0 flail (14)]
  3412 | D:2      | Slain by a gnoll

Illustrated notes

Levels and vault maps discovered:
D:1:      minmay_arrival_loop, layout_loops_cross, okawaru_ov_weapons_minmay
D:2:      layout_loops_ring
D:3:      kennysheep_the_goblin_king, layout_rooms,
          nicolae_overflow_crystal_walls
D:4:      layout_loops_ring, minmay_temple_entry_enclosed_plants,
          kennysheep_generic_room_3
D:5:      layout_loops_ring, kennysheep_little_box,
          lemuel_zombie_altar_yredelemnul, gammafunk_temple_overflow_elements,
          dk_rats_in_the_wall

Skill      XL: |  1  2  3 |
---------------+----------+-----
Long Blades    | 2 3 4 |  4.2
Fighting       | |  2.6
Dodging        | |  1.7
Stealth        | |  4.5

Action                   |  1- 3 |  4- 6 || total
-------------------------+-------+-------++-------
Melee: Falchion          |   184 |     5 ||   189
 Stab: Sleeping          |     9 |       ||     9
Armor: Leather armour    |    37 |       ||    37
Dodge: Dodged            |   106 |     3 ||   109
       Rpst.: Falchion   |    36 |       ||    36

Table legend: (Time is in decaauts)
 A = Elapsed time spent in this place.
 B = Non-inter-level travel time spent in this place.
 C = Inter-level travel time spent in this place.
 D = Time resting spent in this place.
 E = Time spent auto-exploring this place.
 F = Levels seen in this place.
 G = Mean time per level.
                   A        B        C        D        E       F      G
               +--------+--------+--------+--------+--------+-----+--------+
         Total |   3439 |   3337 |    102 |    937 |   1388 |   5 |  687.8 |
       Dungeon |   3439 |   3337 |    102 |    937 |   1388 |   5 |  687.8 |
               +--------+--------+--------+--------+--------+-----+--------+

Top non-repeatable levels by time:
     D:2: 1296 daAuts
     D:1: 1136 daAuts
     D:3: 757 daAuts
     D:4: 195 daAuts
     D:5: 54 daAuts
